[Event "Titled Tuesday Blitz April 05 Early 2022"]
[White "Silva, Kaua Marques"]
[Black "Narayanan, Srinath"]
[WhiteFideId "22701168"]
[BlackFideId "5018420"]
[WhiteElo "2071"]
[BlackElo "2472"]
[Result "1/2-1/2"]
[Round "02"]
[TimeControl "180+1"]
[Date "2022.04.05"]
[WhiteClock "0:00:16"]
[BlackClock "0:00:09"]

1. e4 c6 2. d4 d5 3. Nc3 dxe4 4. Nxe4 Nf6 5. Nxf6+ exf6 6. Bc4 Bd6 7. Ne2 O-O 8. O-O Re8 9. h3 Bf5 10. Bf4 Bg6 11. Re1 Bh5 12. Qd2 Bxe2 13. Rxe2 Rxe2 14. Bxe2 Bxf4 15. Qxf4 Nd7 16. c3 Nf8 17. Bc4 Qe7 18. Qd2 Re8 19. Kf1 Qd6 20. Re1 Rd8 21. Qe3 Ng6 22. g3 Kf8 23. h4 Ne7 24. Qf3 h6 25. Kg2 a5 26. Bb3 b6 27. a3 f5 28. Re5 g6 29. Qe3 Ng8 30. h5 Qd7 31. hxg6 fxg6 32. Bxg8 Kxg8 33. Qxh6 Qf7 34. Qg5 Re8 35. Qe3 Rxe5 36. Qxe5 Kh7 37. Qd6 Qe8 38. Kf1 b5 39. Qc7+ Kh6 40. Qf4+ Kh7 41. Qe5 Qf7 42. Qe2 a4 43. Qf3 Qc4+ 44. Kg2 Qb3 45. Qxc6 Qxb2 46. d5 Qxa3 47. d6 Qb2 48. d7 Qd2 49. Qb7 Kh6 50. Qxb5 a3 51. Qa4 a2 52. Qf4+ Qxf4 53. gxf4 a1=Q 54. d8=Q Qxc3 55. Qg5+ Kh7 56. Qe7+ Kh6 57. Qg5+ Kh7 58. Qh4+ Kg8 59. Qd8+ Kf7 60. Qd7+ Kf8 61. Qd8+ Kg7 62. Qe7+ Kg8 63. Qd8+ Kh7 64. Qh4+ Kg8 65. Qd8+ 1/2-1/2


[Site "https://www.chess.com"]

[Event "Titled Tuesday Blitz April 05 Early 2022"]
[White "Silva, Miguel Antonio Neto"]
[Black "Matthes, Aaron"]
[WhiteFideId "1911929"]
[BlackFideId "16227310"]
[WhiteElo "2204"]
[BlackElo "2338"]
[Result "1-0"]
[Round "02"]
[TimeControl "180+1"]
[Date "2022.04.05"]
[WhiteClock "0:00:44"]
[BlackClock "0:00:59"]

1. d4 Nf6 2. Nf3 d5 3. c4 c6 4. e3 e6 5. Bd3 Nbd7 6. O-O Bd6 7. b3 Ne4 8. Bb2 O-O 9. cxd5 cxd5 10. Nc3 f5 11. Ne2 Qf6 12. Rc1 g5 13. g3 h5 14. Ne5 Bxe5 15. dxe5 Nxe5 16. Bxe5 Qxe5 17. Nd4 Bd7 18. Bxe4 fxe4 19. Qxh5 Kg7 20. Qg4 Rac8 21. h4 Kh6 22. a4 gxh4 23. Qxh4+ Kg7 24. Kg2 Rh8 25. Qe7+ Kg6 26. Qxd7 Rxc1 27. Rxc1 Qh5 28. Qxe6+ 1-0


[Site "https://www.chess.com"]

[Event "Titled Tuesday Blitz April 05 Early 2022"]
[White "Skatchkov, Valery"]
[Black "Kalogridis, Antonios"]
[WhiteFideId "24195812"]
[BlackFideId "25833901"]
[WhiteElo "2196"]
[BlackElo "1596"]
[Result "0-1"]
[Round "02"]
[TimeControl "180+1"]
[Date "2022.04.05"]
[WhiteClock "0:01:52"]
[BlackClock "0:01:20"]

1. d4 Nf6 2. c4 g6 3. Nc3 d5 4. cxd5 Nxd5 5. g3 Bg7 6. Bg2 Nb6 7. Nf3 O-O 8. O-O a5 9. e3 a4 10. a3 Be6 11. Qe2 Bc4 12. Qc2 Bxf1 13. Kxf1 Nc6 14. Bd2 e5 15. dxe5 Nxe5 16. Nxe5 Bxe5 17. Bxb7 Rb8 18. Ba6 Qd7 19. Rd1 Qc6 20. Qe4 Qxe4 21. Nxe4 Bxb2 22. Bb4 Rfd8 23. Rb1 Bg7 24. Be7 Nd5 25. Bxd8 Rxb1+ 26. Kg2 Rb2 27. Kf3 h6 28. Bc4 c6 29. Ba5 Rc2 30. Nd6 Bf8 31. Bxd5 cxd5 32. Nb7 Bxa3 33. e4 d4 34. e5 Bc5 35. Ke4 a3 36. Kd3 a2 0-1


[Site "https://www.chess.com"]

[Event "Titled Tuesday Blitz April 05 Early 2022"]
[White "Sonis, Francesco"]
[Black "Perera Alfonso, Rene Humberto"]
[WhiteFideId "895733"]
[BlackFideId "3514722"]
[WhiteElo "2373"]
[BlackElo "2313"]
[Result "1-0"]
[Round "02"]
[TimeControl "180+1"]
[Date "2022.04.05"]
[WhiteClock "0:01:01"]
[BlackClock "0:00:21"]

1. d4 d5 2. c4 c6 3. Nf3 Nf6 4. e3 Bg4 5. Nc3 e6 6. h3 Bh5 7. Qb3 Qb6 8. Nh4 g5 9. Nf3 h6 10. Ne5 Nfd7 11. Nxd7 Nxd7 12. Bd2 Bg6 13. O-O-O O-O-O 14. Qa4 Kb8 15. c5 Qc7 16. b4 e5 17. b5 Bg7 18. Kb2 Rhe8 19. Qb4 Ka8 20. a4 f5 21. a5 exd4 22. exd4 f4 23. b6 Qb8 24. bxa7 Qxa7 25. Na4 Re4 26. Bc3 Kb8 27. Nb6 Bf5 28. Bd3 Rde8 29. Bxe4 Rxe4 30. Rhe1 Nf8 31. f3 Rxe1 32. Rxe1 Ne6 33. Nd7+ Kc7 34. Ne5 Qa6 35. Qb6+ Qxb6+ 36. axb6+ Kd8 37. Nf7+ Ke7 38. Nd6 Kd7 39. Nxf5 1-0


[Site "https://www.chess.com"]

[Event "Titled Tuesday Blitz April 05 Early 2022"]
[White "Srebrnic, Marko"]
[Black "Papasimakopoulos, Alexandros"]
[WhiteFideId "14603616"]
[BlackFideId "4244125"]
[WhiteElo "2340"]
[BlackElo "2340"]
[Result "0-1"]
[Round "02"]
[TimeControl "180+1"]
[Date "2022.04.05"]
[WhiteClock "0:00:02"]
[BlackClock "0:00:04"]

1. e4 e6 2. d4 d5 3. Nc3 Bb4 4. e5 b6 5. a3 Bf8 6. f4 Nh6 7. Nf3 Be7 8. Bd3 Ba6 9. O-O Bxd3 10. cxd3 c5 11. dxc5 bxc5 12. b4 cxb4 13. axb4 O-O 14. b5 Bb4 15. Na4 Qa5 16. Rb1 Qxb5 17. Nd4 Qb7 18. f5 Nxf5 19. Rxf5 exf5 20. Nxf5 Bc5+ 21. Nxc5 Qxb1 22. Nxg7 Nc6 23. Nd7 Nxe5 24. Nxe5 Rac8 25. Qg4 Qxc1+ 26. Kf2 Rc2+ 27. Kg3 Qe1+ 28. Kh3 Qe3+ 29. Nf3 Qh6+ 30. Nh5+ Kh8 31. Qf5 Qg6 32. Qe5+ f6 33. Qe7 Qxg2+ 34. Kh4 Rcc8 35. Qe6 Rce8 36. Qd7 Qg6 37. Nf4 Qh6+ 38. Nh5 Rg8 39. h3 Qg6 40. Nh2 Qg5# 0-1


[Site "https://www.chess.com"]

[Event "Titled Tuesday Blitz April 05 Early 2022"]
[White "Stanisz, Patryk"]
[Black "Garv Gaur"]
[WhiteFideId "1123106"]
[BlackFideId "45030839"]
[WhiteElo "1833"]
[BlackElo "1950"]
[Result "1-0"]
[Round "02"]
[TimeControl "180+1"]
[Date "2022.04.05"]
[WhiteClock "0:00:02"]
[BlackClock "0:00:02"]

1. Nf3 d5 2. g3 Nf6 3. Bg2 c5 4. b3 Nc6 5. Bb2 Bg4 6. d3 e6 7. Nbd2 d4 8. h3 Bh5 9. g4 Bg6 10. Nc4 Bd6 11. Nxd6+ Qxd6 12. c3 Nd5 13. cxd4 cxd4 14. Nxd4 Nxd4 15. Bxd4 Qb4+ 16. Kf1 Qxd4 17. Rc1 O-O 18. Bf3 Rac8 19. h4 h6 20. Qd2 Qf4 21. Qxf4 Nxf4 22. Rc4 Rxc4 23. bxc4 Rb8 24. Ke1 b6 25. Kd2 Rd8 26. Ke3 e5 27. h5 Bh7 28. a4 f5 29. gxf5 Bxf5 30. a5 Rd6 31. Ra1 Kh7 32. a6 Ne6 33. Bd5 Nc7 34. Bb7 Bd7 35. Be4+ Kg8 36. f4 exf4+ 37. Kxf4 b5 38. c5 Rxa6 39. Rg1 Rf6+ 40. Ke3 Bc6 41. Bg6 a5 42. Kd2 a4 43. e4 b4 44. d4 b3 45. d5 Nxd5 46. exd5 Bxd5 47. Kc3 Ra6 48. Rd1 Kf8 49. Rxd5 a3 50. Re5 Ra8 51. Kxb3 a2 52. Rf5+ Kg8 53. Rf1 a1=Q 54. Rxa1 Rxa1 55. Kc4 Rc1+ 56. Kd5 Kf8 57. Kc6 Ke7 58. Kb6 Kd7 59. Bf5+ Kd8 60. c6 Rb1+ 61. Kc5 Rf1 62. Be6 Kc7 63. Bd7 Rh1 64. Be8 Rh4 65. Kd5 Rg4 66. Ke6 Rg5 67. Ke7 Re5+ 68. Kf8 Rg5 69. Kg8 Kd8 70. Bf7 Kc7 71. Be8 Rg1 72. Kh7 Kd6 73. Bd7 Ke7 74. Bf5 Rc1 75. Be4 1-0


[Site "https://www.chess.com"]

[Event "Titled Tuesday Blitz April 05 Early 2022"]
[White "Stromboli, Ettore"]
[Black "Zanette, Edgard Vinicius"]
[WhiteFideId "813761"]
[BlackFideId "2109263"]
[WhiteElo "2414"]
[BlackElo "2182"]
[Result "1-0"]
[Round "02"]
[TimeControl "180+1"]
[Date "2022.04.05"]
[WhiteClock "0:01:26"]
[BlackClock "0:00:21"]

1. e4 e5 2. Nf3 Nc6 3. Bb5 a6 4. Bxc6 dxc6 5. O-O f6 6. c3 Bg4 7. Qe2 c5 8. Rd1 Ne7 9. Na3 Nc6 10. Nc2 Qd7 11. d3 O-O-O 12. Be3 Be7 13. d4 cxd4 14. cxd4 exd4 15. Ncxd4 Nxd4 16. Rxd4 Qb5 17. Qc2 Bxf3 18. gxf3 Rxd4 19. Bxd4 Rd8 20. Be3 Qd3 21. Rc1 Qxc2 22. Rxc2 Rd1+ 23. Kg2 Bd6 24. f4 Kd7 25. f5 g6 26. fxg6 hxg6 27. f4 Rd3 28. Kf3 Ke6 29. Ke2 Rxe3+ 30. Kxe3 c5 31. Rd2 b5 32. Rd5 c4 33. h4 Bc7 34. f5+ gxf5 35. Rxf5 b4 36. h5 Kf7 37. Kd4 c3 38. bxc3 Be5+ 39. Kd3 bxc3 40. Rxe5 fxe5 41. Kxc3 Kf6 42. Kc4 Kg5 43. Kd5 Kxh5 44. Kxe5 1-0


[Site "https://www.chess.com"]

[Event "Titled Tuesday Blitz April 05 Early 2022"]
[White "Svane, Frederik"]
[Black "Tregubov, Pavel V."]
[WhiteFideId "12923044"]
[BlackFideId "4115341"]
[WhiteElo "2459"]
[BlackElo "2341"]
[Result "1-0"]
[Round "02"]
[TimeControl "180+1"]
[Date "2022.04.05"]
[WhiteClock "0:00:20"]
[BlackClock "0:00:10"]

1. e4 e5 2. Nf3 Nf6 3. Nxe5 d6 4. Nf3 Nxe4 5. c4 Nc6 6. Nc3 Nxc3 7. dxc3 Bf5 8. Bd3 Qd7 9. O-O Be7 10. Bxf5 Qxf5 11. Qd5 Qxd5 12. cxd5 Ne5 13. Nxe5 dxe5 14. Re1 O-O-O 15. Rxe5 Bf6 16. Rf5 Rhe8 17. Be3 b6 18. Kf1 Rd7 19. Rd1 Be5 20. Bd4 Bxd4 21. Rxd4 f6 22. g3 Rde7 23. d6 Re1+ 24. Kg2 Rd8 25. Rg4 Rd7 26. dxc7 Re2 27. Rb4 Kxc7 28. a4 Rdd2 29. b3 a5 30. Rc4+ Kb7 31. b4 axb4 32. cxb4 Ra2 33. a5 bxa5 34. bxa5 Reb2 35. h4 Ka6 36. Rc6+ Kb7 37. Re6 Kc8 38. Re7 g6 39. Rxf6 1-0


[Site "https://www.chess.com"]

[Event "Titled Tuesday Blitz April 05 Early 2022"]
[White "Sychev, Klementy"]
[Black "Karas, Marek"]
[WhiteFideId "4114060"]
[BlackFideId "14928558"]
[WhiteElo "2564"]
[BlackElo "2271"]
[Result "0-1"]
[Round "02"]
[TimeControl "180+1"]
[Date "2022.04.05"]
[WhiteClock "0:00:11"]
[BlackClock "0:00:32"]

1. d4 Nf6 2. Nc3 e6 3. e4 d5 4. e5 Nfd7 5. f4 c5 6. Nf3 Nc6 7. Be3 Be7 8. Qd2 O-O 9. dxc5 Qa5 10. a3 Bxc5 11. Bxc5 Nxc5 12. O-O-O b6 13. Nd4 Nxd4 14. Qxd4 Ba6 15. f5 Bxf1 16. Rhxf1 exf5 17. Nxd5 Ne6 18. Qh4 Rfd8 19. Ne7+ Kh8 20. Nc6 Rxd1+ 21. Rxd1 Qc5 22. Nd8 Kg8 23. Kb1 Qxe5 24. Qe7 Qf6 25. Qe8+ Nf8 26. Rd7 h6 27. h4 Rc8 28. Qxf7+ Qxf7 29. Nxf7 Nxd7 0-1


[Site "https://www.chess.com"]

[Event "Titled Tuesday Blitz April 05 Early 2022"]
[White "Szpar, Milosz"]
[Black "Martinez Alcantara, Jose Eduardo"]
[WhiteFideId "1184989"]
[BlackFideId "3805662"]
[WhiteElo "2447"]
[BlackElo "2690"]
[Result "0-1"]
[Round "02"]
[TimeControl "180+1"]
[Date "2022.04.05"]
[WhiteClock "0:00:04"]
[BlackClock "0:00:03"]

1. e4 c5 2. Nf3 d6 3. d4 cxd4 4. Nxd4 Nf6 5. Nc3 Nc6 6. f3 h5 7. Be3 e6 8. Qd2 Be7 9. O-O-O a6 10. g3 Bd7 11. h3 b5 12. Rg1 b4 13. Nce2 Ne5 14. Nf4 Qc7 15. g4 hxg4 16. hxg4 g6 17. g5 Nh5 18. Nxh5 Rxh5 19. f4 Nc4 20. Bxc4 Qxc4 21. b3 Qc3 22. Qxc3 bxc3 23. Rh1 e5 24. Rxh5 gxh5 25. Nf5 Bxf5 26. exf5 exf4 27. Bxf4 Kd7 28. Rd3 Rc8 29. f6 Bf8 30. Rh3 d5 31. Rxh5 Ke6 32. Be3 Kf5 33. g6+ Kxg6 34. Rxd5 Re8 35. Bf2 Re2 36. Bg3 Rg2 37. Be1 Bh6+ 38. Kd1 Rg1 39. Ke2 Rg2+ 40. Bf2 Bg5 41. Kf3 Rh2 42. Ra5 Bxf6 43. Rxa6 Kf5 44. Ra5+ Ke6 45. Ra6+ Kf5 46. Rc6 Rh1 47. Ke2 Rh2 48. Rc5+ Ke6 49. Rc6+ Kf5 50. Kf3 Rh1 51. Be3 Rh2 52. Rc5+ Kg6 53. Rc6 Kg7 54. Bf2 Rh1 55. Ke4 Rh2 56. Bd4 Rh4+ 57. Kf5 Bxd4 58. a4 Rh2 59. Rc4 Rf2+ 60. Ke4 Bf6 61. Kd3 Rd2+ 62. Ke3 Rxc2 63. a5 Ra2 64. b4 c2 65. Kd3 Be7 66. b5 Rxa5 67. Rc7 Bg5 68. Rc5 c1=Q 0-1


[Site "https://www.chess.com"]

[Event "Titled Tuesday Blitz April 05 Early 2022"]
[White "Tanenbaum, Zachary"]
[Black "Rodchenkov, Vitaly"]
[WhiteFideId "2060850"]
[BlackFideId "4152964"]
[WhiteElo "2706"]
[BlackElo "2322"]
[Result "1-0"]
[Round "02"]
[TimeControl "180+1"]
[Date "2022.04.05"]
[WhiteClock "0:02:14"]
[BlackClock "0:01:29"]

1. e4 c6 2. d4 d5 3. exd5 cxd5 4. Bd3 Nc6 5. c3 g6 6. Bf4 Nf6 7. Nf3 Bf5 8. Bxf5 gxf5 9. O-O e6 10. Re1 Be7 11. Nbd2 Rg8 12. Ne5 Ne4 13. Nxe4 fxe4 14. f3 exf3 15. Qxf3 Nxe5 16. Bxe5 Bh4 17. Rf1 Qd7 18. Qh5 Bg5 19. Qxh7 Be3+ 20. Kh1 O-O-O 21. Rxf7 Qc6 22. Rc7+ Kb8 23. Rxc6+ Ka8 24. Rc7 Rb8 25. Rxb7 Rxb7 26. Qxg8+ Rb8 27. Qxb8# 1-0


[Site "https://www.chess.com"]

[Event "Titled Tuesday Blitz April 05 Early 2022"]
[White "Terletsky, Oleg"]
[Black "Pap, Gyula"]
[WhiteFideId "14116774"]
[BlackFideId "725323"]
[WhiteElo "2404"]
[BlackElo "2730"]
[Result "0-1"]
[Round "02"]
[TimeControl "180+1"]
[Date "2022.04.05"]
[WhiteClock "0:00:04"]
[BlackClock "0:00:40"]

1. e4 c6 2. d4 d5 3. Nc3 dxe4 4. Nxe4 Nf6 5. Nxf6+ exf6 6. c3 Bd6 7. Bd3 O-O 8. Qc2 Re8+ 9. Ne2 h5 10. Be3 Nd7 11. O-O-O Nf8 12. Kb1 Be6 13. Ng3 g6 14. Ne4 Be7 15. c4 Rc8 16. Nc5 Bg4 17. f3 Bxc5 18. dxc5 Rxe3 19. fxg4 hxg4 20. Bxg6 Qa5 21. Bf5 Rce8 22. Bxg4 Qxc5 23. Rhf1 R8e4 24. Bf5 Rxc4 25. Qf2 Qe5 26. Rfe1 Rxe1 27. Rxe1 Qf4 28. Qxf4 Rxf4 29. g4 Ne6 30. h4 Nd4 31. Re7 Rf1+ 0-1


[Site "https://www.chess.com"]

[Event "Titled Tuesday Blitz April 05 Early 2022"]
[White "Terry, Renato"]
[Black "Weetik, Vjacheslav"]
[WhiteFideId "3803457"]
[BlackFideId "4153472"]
[WhiteElo "2577"]
[BlackElo "2469"]
[Result "1-0"]
[Round "02"]
[TimeControl "180+1"]
[Date "2022.04.05"]
[WhiteClock "0:00:30"]
[BlackClock "0:00:02"]

1. d4 Nf6 2. Bg5 d5 3. Bxf6 gxf6 4. e3 c5 5. c3 Nc6 6. dxc5 e5 7. b4 a5 8. Qa4 Bd7 9. b5 Na7 10. e4 Bxc5 11. exd5 Qb6 12. Qc2 Nxb5 13. Nf3 Nd6 14. Bd3 Rg8 15. O-O O-O-O 16. Nbd2 Bh3 17. Ne1 Rxg2+ 18. Nxg2 Rg8 19. Nc4 Nxc4 20. Bf5+ Bxf5 21. Qxf5+ Kb8 22. Qxh7 Qd8 23. Rad1 Nd6 24. Rd3 Rh8 25. Qg7 Rg8 26. Qh6 Nf5 27. Qh3 Qc8 28. Rf3 Nd6 29. Qxc8+ Kxc8 30. Rxf6 Ne4 31. Rxf7 Nxc3 32. Re1 e4 33. Kf1 a4 34. Rc1 Bd4 35. d6 Kb8 36. a3 Rd8 37. d7 Nb5 38. Rc4 1-0


[Site "https://www.chess.com"]

[Event "Titled Tuesday Blitz April 05 Early 2022"]
[White "Tiarks, Jann-Christian"]
[Black "Martin Carmona, Gaston Manuel"]
[WhiteFideId "12951595"]
[BlackFideId "22284567"]
[WhiteElo "2176"]
[BlackElo "2146"]
[Result "0-1"]
[Round "02"]
[TimeControl "180+1"]
[Date "2022.04.05"]
[WhiteClock "0:00:01"]
[BlackClock "0:00:03"]

1. e4 e6 2. d4 d5 3. e5 c5 4. c3 Nc6 5. Bd3 Qb6 6. Ne2 Bd7 7. O-O cxd4 8. cxd4 Nxd4 9. Nxd4 Qxd4 10. Nc3 a6 11. Be3 Qxe5 12. Re1 Qd6 13. Na4 Nf6 14. Nb6 Rd8 15. Rc1 Qb8 16. Bd4 Bc6 17. Be5 Bd6 18. Bxf6 gxf6 19. g3 Kf8 20. Bxa6 Qa7 21. Qd4 Be7 22. Nd7+ Bxd7 23. Qxa7 bxa6 24. Rc7 Ke8 25. Qxa6 Rg8 26. Rec1 Rg4 27. Ra7 Ra4 28. Qb6 Rb4 29. Qc7 Rxb2 30. a4 Rbb8 31. Qa5 Bb4 32. Qa6 Be7 33. Rcc7 Rbc8 34. a5 Rb8 35. Rab7 Ra8 36. Qb6 e5 37. a6 Rac8 38. a7 Ra8 0-1


[Site "https://www.chess.com"]

[Event "Titled Tuesday Blitz April 05 Early 2022"]
[White "Todorovic, Bojan"]
[Black "Voege, Tobias"]
[WhiteFideId "917087"]
[BlackFideId "1270513"]
[WhiteElo "2266"]
[BlackElo "2297"]
[Result "1-0"]
[Round "02"]
[TimeControl "180+1"]
[Date "2022.04.05"]
[WhiteClock "0:00:10"]
[BlackClock "0:00:26"]

1. d4 d5 2. Bf4 Nc6 3. e3 Nf6 4. Nf3 Bg4 5. Bb5 e6 6. h3 Bxf3 7. Qxf3 Bd6 8. Nd2 O-O 9. O-O Ne7 10. Bd3 Ng6 11. Bg5 c6 12. Bxf6 Qxf6 13. Qxf6 gxf6 14. c3 f5 15. g4 fxg4 16. hxg4 Kg7 17. f4 f5 18. gxf5 exf5 19. Nf3 Rae8 20. Ne5 Re6 21. Kf2 Bxe5 22. fxe5 f4 23. e4 f3 24. exd5 cxd5 25. Rg1 Rf4 26. Rg3 Rh4 27. Kxf3 Rh2 28. Bxg6 hxg6 29. Rg2 Rh3+ 30. Ke2 Rb6 31. Rb1 Rxc3 32. bxc3 Rxb1 33. Kd3 Rc1 34. Rc2 Ra1 35. c4 dxc4+ 36. Rxc4 Rxa2 37. Rc7+ Kf8 38. Ke4 g5 39. Kf5 b5 40. d5 b4 41. d6 Rd2 42. Kf6 Rf2+ 43. Ke6 Rd2 44. d7 b3 45. Rc8+ Kg7 46. d8=Q Rxd8 47. Rxd8 a5 48. Rb8 a4 49. Kf5 Kf7 50. Kxg5 Ke6 51. Kf4 Ke7 52. Kf5 Kd7 53. Kf6 Kc7 54. Rb4 Kc6 55. Rxa4 Kb5 56. Ra1 Kc4 57. Rb1 Kc3 58. Rxb3+ Kc4 59. e6 Kc5 60. e7 Kd6 61. e8=Q Kd5 62. Qe5+ Kc4 63. Rc3+ Kb4 64. Qc5+ Ka4 65. Ra3# 1-0


[Site "https://www.chess.com"]

[Event "Titled Tuesday Blitz April 05 Early 2022"]
[White "Tsyhanchuk, Stanislav"]
[Black "Baches Garcia, Guillermo"]
[WhiteFideId "13505130"]
[BlackFideId "2209764"]
[WhiteElo "2078"]
[BlackElo "2480"]
[Result "1-0"]
[Round "02"]
[TimeControl "180+1"]
[Date "2022.04.05"]
[WhiteClock "0:02:22"]
[BlackClock "0:02:07"]

1. d4 Nf6 2. c4 e6 3. Nc3 d5 4. cxd5 Nxd5 5. e4 Nxc3 6. bxc3 c5 7. Nf3 cxd4 8. cxd4 Bb4+ 9. Bd2 Bxd2+ 10. Qxd2 O-O 11. Bc4 Nd7 12. O-O b6 13. Rac1 Bb7 14. Rfe1 Rc8 15. Qf4 Qc7 16. Qh4 Nf6 17. e5 Nd7 18. Bd3 g6 19. Rxc7 Rxc7 20. Ng5 h5 21. g4 1-0


[Site "https://www.chess.com"]

[Event "Titled Tuesday Blitz April 05 Early 2022"]
[White "Urbina Quiroz, Edwin"]
[Black "Chernomordik, Pavel"]
[WhiteFideId "6500650"]
[BlackFideId "2804530"]
[WhiteElo "2152"]
[BlackElo "2220"]
[Result "1-0"]
[Round "02"]
[TimeControl "180+1"]
[Date "2022.04.05"]
[WhiteClock "0:00:16"]
[BlackClock "0:00:01"]

1. e4 g6 2. d4 Bg7 3. h4 d5 4. exd5 Qxd5 5. Nf3 Bg4 6. Be3 Nf6 7. Be2 Nbd7 8. c4 Qa5+ 9. Nc3 Ne4 10. Qb3 Nxc3 11. bxc3 O-O 12. O-O e5 13. Rfe1 Qb6 14. c5 Qxb3 15. axb3 Rfe8 16. b4 exd4 17. cxd4 Nf6 18. Bc4 Bxf3 19. gxf3 c6 20. b5 cxb5 21. Bxb5 Red8 22. c6 bxc6 23. Bxc6 Rac8 24. Bb7 Rc7 25. Rxa7 Nd5 26. Ra8 Rxa8 27. Bxa8 Nxe3 28. fxe3 Bf6 29. h5 gxh5 30. Be4 h4 31. Kf2 Ra7 32. f4 Ra2+ 33. Re2 Ra3 34. Rd2 Kf8 35. Kf3 Ke7 36. Bxh7 Ra1 37. Bf5 Rf1+ 38. Ke4 Re1 39. d5 Kd6 40. Rc2 Bd8 41. Rc6+ Ke7 42. Rh6 Kf8 43. Rh8+ Ke7 44. d6+ Kxd6 45. Rxd8+ Ke7 46. Rh8 Rh1 47. Kf3 Rf1+ 48. Kg2 Re1 49. Kf2 Rh1 50. e4 Rh2+ 51. Kf3 Kf6 52. Kg4 Rg2+ 53. Kxh4 Rh2+ 54. Bh3 Kg7 55. Ra8 1-0


[Site "https://www.chess.com"]

[Event "Titled Tuesday Blitz April 05 Early 2022"]
[White "Vlassov, Nikolai"]
[Black "Sethuraman, S.P."]
[WhiteFideId "4103360"]
[BlackFideId "5021596"]
[WhiteElo "2547"]
[BlackElo "2790"]
[Result "1/2-1/2"]
[Round "02"]
[TimeControl "180+1"]
[Date "2022.04.05"]
[WhiteClock "0:00:08"]
[BlackClock "0:00:03"]

1. e4 c5 2. c3 Nf6 3. e5 Nd5 4. d4 cxd4 5. cxd4 d6 6. Bc4 e6 7. Nf3 Nc6 8. O-O Be7 9. Qe2 O-O 10. Qe4 Ndb4 11. Bb3 Na5 12. Bd1 d5 13. Qg4 Nd3 14. Bh6 g6 15. Bxf8 Bxf8 16. b3 Nc6 17. a3 f5 18. exf6 Qxf6 19. Bc2 Nf4 20. Rd1 e5 21. Qg5 Qxg5 22. Nxg5 Nxd4 23. Ra2 h6 24. Nf3 Bg4 25. Nc3 Nxf3+ 26. gxf3 Bxf3 27. Rd2 Rc8 28. Nd1 d4 29. h4 Be7 30. Nb2 e4 31. Nc4 d3 32. Bd1 Bxh4 33. Bxf3 exf3 34. Ne5 Rc1+ 35. Kh2 Bf6 36. Nxd3 Nxd3 37. Rxd3 Be5+ 38. Kh3 Rh1+ 39. Kg4 Kf7 40. Kxf3 Kf6 41. Ke4 Rh4+ 42. Kd5 g5 43. Re2 Bf4 44. Re6+ Kf5 45. Re7 h5 46. f3 Rh1 47. Rxb7 h4 48. Rxa7 h3 49. Rh7 h2 50. b4 Ra1 51. Rxh2 Bxh2 52. b5 Bf4 53. b6 Rb1 54. Kc6 Rc1+ 55. Kd7 Rb1 56. Kc6 Rc1+ 57. Kd7 Rb1 58. Kc6 1/2-1/2


[Site "https://www.chess.com"]

[Event "Titled Tuesday Blitz April 05 Early 2022"]
[White "Vokarev, Sergey"]
[Black "Politov, Pavel Y."]
[WhiteFideId "4119711"]
[BlackFideId "24110515"]
[WhiteElo "2343"]
[BlackElo "2090"]
[Result "1-0"]
[Round "02"]
[TimeControl "180+1"]
[Date "2022.04.05"]
[WhiteClock "0:00:51"]
[BlackClock "0:00:06"]

1. e4 c6 2. d4 d5 3. Nd2 dxe4 4. Nxe4 Nf6 5. Nxf6+ gxf6 6. c3 e6 7. Nf3 c5 8. Be3 cxd4 9. Nxd4 Nc6 10. Nxc6 bxc6 11. Qxd8+ Kxd8 12. g3 Kc7 13. Bg2 Bb7 14. O-O-O Be7 15. Bf4+ e5 16. Bh6 Rhd8 17. f4 c5 18. Bxb7 Kxb7 19. Rhe1 Rxd1+ 20. Kxd1 Rd8+ 21. Kc2 Rd5 22. c4 Rd4 23. b3 e4 24. f5 Bd6 25. Be3 Rd3 26. Re2 Kc6 27. Bd2 Rf3 28. Rxe4 Rxf5 29. Rh4 h5 30. Bf4 Bxf4 31. Rxf4 Rxf4 32. gxf4 Kd6 33. a3 a5 34. Kc3 a4 35. b4 f5 36. b5 Kc7 37. Kd3 Kb6 38. Ke3 Kc7 39. Kf3 Kd6 40. Kg3 Kc7 41. Kh4 Kb6 42. Kxh5 Ka5 43. Kg5 Kb6 44. h4 1-0


[Site "https://www.chess.com"]

[Event "Titled Tuesday Blitz April 05 Early 2022"]
[White "Vokhidov, Shamsiddin"]
[Black "Taboas Rodriguez, Daniel"]
[WhiteFideId "14204223"]
[BlackFideId "2208466"]
[WhiteElo "2611"]
[BlackElo "2429"]
[Result "1-0"]
[Round "02"]
[TimeControl "180+1"]
[Date "2022.04.05"]
[WhiteClock "0:01:05"]
[BlackClock "0:00:54"]

1. e4 e6 2. d4 d5 3. Nc3 Nc6 4. Nf3 Nf6 5. e5 Ne4 6. Ne2 f6 7. Be3 fxe5 8. Nxe5 Nxe5 9. dxe5 Bd7 10. Ng3 Bc6 11. Bd3 Qh4 12. Bxe4 dxe4 13. Qd4 Be7 14. O-O-O O-O 15. Qc4 Qg4 16. f3 Qg6 17. f4 Rac8 18. f5 Qf7 19. fxe6 Qg6 20. Rhf1 Kh8 21. Rf7 Bg5 22. Re1 Bxe3+ 23. Rxe3 Qg5 24. Qc5 b6 25. Rxf8+ Rxf8 26. Qxf8# 1-0


[Site "https://www.chess.com"]

[Event "Titled Tuesday Blitz April 05 Early 2022"]
[White "Vusatiuk, Vladimir"]
[Black "Estrada Nieto, Julian"]
[WhiteFideId "14118610"]
[BlackFideId "5101018"]
[WhiteElo "2157"]
[BlackElo "2252"]
[Result "1-0"]
[Round "02"]
[TimeControl "180+1"]
[Date "2022.04.05"]
[WhiteClock "0:00:10"]
[BlackClock "0:00:34"]

1. d4 d5 2. c4 dxc4 3. Nf3 Nf6 4. e3 e6 5. Bxc4 c5 6. O-O a6 7. a4 Nc6 8. Nc3 Be7 9. Qe2 cxd4 10. Rd1 e5 11. exd4 exd4 12. Be3 Bg4 13. h3 Bxf3 14. Qxf3 O-O 15. Bg5 h6 16. Bxf6 Bxf6 17. Nd5 Ne5 18. Nxf6+ Qxf6 19. Qxf6 gxf6 20. Rxd4 Rfd8 21. Bd5 Nc6 22. Rg4+ Kf8 23. Bxc6 bxc6 24. Rc1 Rd6 25. Rgc4 Rc8 26. Rc5 Ke7 27. b4 Kd7 28. Ra5 Rb8 29. Rc4 Rb6 30. Rh5 Rd1+ 31. Kh2 Rd2 32. Kg3 Rd3+ 33. f3 Rb3 34. Rxh6 Ke7 35. Rhh4 f5 36. Rhf4 Ke6 37. h4 Rb1 38. a5 Rb8 39. Rxc6+ Ke5 40. Rc5+ Ke6 41. Rcxf5 Rg8+ 42. Kh2 Rb2 43. Rg5 Rh8 44. Kg3 Rc8 45. Re4+ Kf6 46. Rf4+ Ke6 47. h5 Rcc2 48. Kh3 f6 49. Rg6 Rc1 50. Rfxf6+ Ke5 51. h6 Rh1+ 52. Kg3 Rg1 53. Kh2 Rd1 54. h7 Rd8 55. Rg8 Kxf6 56. h8=Q+ 1-0


[Site "https://www.chess.com"]

[Event "Titled Tuesday Blitz April 05 Early 2022"]
[White "Xiong, Jeffery"]
[Black "Godzwon, Iwo"]
[WhiteFideId "2047640"]
[BlackFideId "21802483"]
[WhiteElo "2727"]
[BlackElo "2201"]
[Result "1-0"]
[Round "02"]
[TimeControl "180+1"]
[Date "2022.04.05"]
[WhiteClock "0:00:06"]
[BlackClock "0:00:05"]

1. d4 Nf6 2. Nf3 e6 3. Bf4 b6 4. e3 Bb7 5. Nbd2 d5 6. Bd3 Bd6 7. c3 Nbd7 8. h4 Qe7 9. Ne5 c5 10. Qe2 a6 11. g4 h5 12. g5 Bxe5 13. dxe5 Ng4 14. Nf3 g6 15. e4 c4 16. Bc2 dxe4 17. Bxe4 Nc5 18. Bxb7 Qxb7 19. O-O Nd3 20. Bg3 O-O 21. Nd2 Qd5 22. Ne4 Kg7 23. Rad1 Ngxe5 24. f3 Nd7 25. Rd2 b5 26. Rfd1 N7c5 27. Nf6 Qf5 28. b4 Na4 29. Rxd3 cxd3 30. Rxd3 Nb2 31. Rd4 Nc4 32. Rxc4 bxc4 33. Be5 Rad8 34. Nxh5+ Kh7 35. Nf6+ Kg7 36. Nd7+ f6 37. gxf6+ Kf7 38. Nxf8 Kxf8 39. Bd4 Qd5 40. Qe3 Kf7 41. Qh6 Qh5 42. Qg7+ 1-0


[Site "https://www.chess.com"]